 Dungeon Crawl Stone Soup version 0.29.1-2-gbd0b4ee654 (webtiles) character file.

Game seed: 1149161180497626958

2957 GeoRichter the Skirmisher (level 9, -8/47 HPs)
             Began as a Spriggan Hunter on Nov 11, 2022.
             Was an Initiate of Gozag.
             Mangled by an orc warrior
             ... wielding a +0 scimitar
              (16 damage)
             ... on level 7 of the Dungeon.
             The game lasted 00:17:09 (8099 turns).

GeoRichter the Skirmisher (Spriggan Hunter)         Turns: 8099, Time: 00:17:10

Health: -8/47      AC:  2    Str:  7    XL:     9   Next: 52%
Magic:  10/10      EV: 25    Int: 11    God:    Gozag
Gold:   766        SH:  0    Dex: 22    Spells: 8/8 levels left

rFire   . . .      SeeInvis +   b - +7 trident (vamp) {!w}
rCold   . . .      Faith    .   (shield currently unavailable)
rNeg    . . .      Spirit   .   c - +0 robe
rPois   +          Reflect  .   (helmet restricted)
rElec   .          Harm     .   (no cloak)
rCorr   .          Rampage  .   (gloves unavailable)
Will    +....                   (boots unavailable)
Stlth   ++++......              q - amulet of the acrobat
HPRegen 0.15/turn               f - +4 ring of evasion
MPRegen 0.12/turn               j - ring of poison resistance

@: very quick
A: very small, no large weapons, unfitting armour, see invisible, speed 3
a: Renounce Religion, Potion Petition, Call Merchant, Bribe Branch


You were on level 7 of the Dungeon.
You worshipped Gozag.
Gozag was pleased with you.
You visited 2 branches of the dungeon, and saw 9 of its levels.
You also visited: Sewer.

You collected 827 gold pieces.
You paid 61 gold pieces to Gozag.

Inventory:

Hand Weapons
 a - a +0 shortbow
 b - a +7 vampiric trident (weapon) {!w}
   (You took it off a gnoll sergeant on level 2 of the Dungeon)
 x - a +2 dagger of venom
   (You took it off a goblin on level 3 of the Dungeon)
 G - the +6 long sword "Ikerph" {freeze, Str+3 Int+4 Stlth-}
   (You found it on level 5 of the Dungeon)

   It freezes those it strikes, dealing additional cold damage.
   It can also slow down cold-blooded creatures.
   Str:       It affects your strength (+3).
   Int:       It affects your intelligence (+4).
   Stlth:     It makes you less stealthy.
Armour
 c - a +0 robe (worn)
 u - a +0 buckler
   (You took it off a gnoll sergeant on level 2 of the Dungeon)
Magical Staves
 O - a staff of earth
   (You found it on level 7 of the Dungeon)
Jewellery
 f - a +4 ring of evasion (left hand)
   (You found it on level 1 of the Dungeon)
 g - an amulet of regeneration
   (You took it off a goblin on level 1 of the Dungeon)
 j - a ring of poison resistance (right hand)
   (You found it on level 1 of the Dungeon)
 q - an amulet of the acrobat (around neck)
   (You found it on level 2 of the Dungeon)
Wands
 h - a wand of flame (4)
   (You took it off Ijyb on level 3 of the Dungeon)
 F - a wand of charming (11)
   (You found it on level 5 of the Dungeon)
 H - a wand of mindburst (8)
   (You found it on level 5 of the Dungeon)
Scrolls
 k - 6 scrolls of identify {unknown}
 l - 7 scrolls of teleportation {@r4}
 m - a scroll of silence {unknown}
 p - a scroll of amnesia {unknown}
 r - 2 scrolls of noise {unknown}
 t - 2 scrolls of torment {unknown}
 v - a scroll of blinking
 y - 2 scrolls of brand weapon {unknown}
 z - 2 scrolls of enchant armour {unknown}
 B - 2 scrolls of fear {unknown}
 E - 4 scrolls of poison {unknown}
 I - a scroll of enchant weapon {unknown}
 J - a scroll of butterflies {unknown}
 K - a scroll of magic mapping {unknown}
 L - a scroll of acquirement {unknown}
 M - a scroll of immolation {!r}
Potions
 d - 2 potions of resistance {unknown}
 e - a potion of attraction {unknown}
 i - 3 potions of heal wounds {unknown}
 n - a potion of cancellation {unknown}
 o - a potion of brilliance
 s - 2 potions of berserk rage {unknown}
 w - a potion of mutation {unknown}
 A - 5 potions of curing {@q1}
 C - 2 potions of ambrosia {unknown}
 D - a potion of degeneration {unknown}
 N - a potion of might {unknown}


   Skills:
 * Level 5.1 Fighting
 * Level 11.2 Ranged Weapons
 + Level 5.9 Dodging
 + Level 6.3 Stealth


You had 8 spell levels left.
You didn't know any spells.
Your spell library contained the following spells:

 Spells                   Type           Power      Damage    Failure   Level
 Frozen Ramparts          Ice            0%         1d1       71%         3
 Ice Form                 Ice/Tmut       0%         N/A       98%         4
 Summon Ice Beast         Ice/Summ       0%         N/A       98%         4


Dungeon Overview and Level Annotations

Branches:
Dungeon (8/15) Zot: 26950  Temple (1/1) D:4 Zot: 5941   Sewer (visited)
   Lair: D:8-11

Altars:
Ashenzari
Cheibriados
Dithmenos
Elyvilon
Fedhas
Gozag
Hepliaklqana
Kikubaaqudgha
Makhleb
Nemelex Xobeh
Okawaru
Ru
Sif Muna
Trog
Uskayaw
Vehumet
Wu Jian
Yredelemnul
Zin

Shops:
D:3 :   D:4 (

Annotations:
D:6 2 transporters, zorance's ghost, novice DrTm


Innate Abilities, Weirdness & Mutations

You are very small and have problems with some larger weapons.
You are too small for most types of armour.
You have supernaturally acute eyesight. (SInv)
You cover ground extremely quickly. (Speed+++)


Message History

a +0 dagger; a +0 robe; a +0 whip
There is a stone staircase leading down here.
You climb downwards.
The centaur is distracted by your dazzling golden aura.
An orc comes into view. It is wielding a +0 whip.
A howler monkey comes into view.
There is a stone staircase leading up here.
The orc wizard casts a spell.
The orc wizard flickers and vanishes for a moment.
The orc warrior throws a boomerang.
The boomerang hits the orc wizard!
You climb upwards.
There is a stone staircase leading down here.
You hit the orc wizard.
You kill the orc wizard!
You now have 766 gold pieces (gained 6).
Items here: ))) [[.
There is a stone staircase leading down here.
You climb downwards.
The centaur is no longer distracted by gold.
The orc warrior misses you.
The orc warrior hits you with a +0 scimitar!
The centaur shouts!
There is a stone staircase leading up here.
The orc shouts!
You hear a howl!
The centaur hits you. The centaur kicks you. The centaur hits you.
* * * LOW HITPOINT WARNING * * *
The centaur closely misses you.
The orc warrior hits you with a +0 scimitar!
* * * LOW HITPOINT WARNING * * *
You climb upwards.
There is a stone staircase leading down here.
You puncture the centaur! The centaur completely misses you.
The centaur closely misses you. The orc warrior misses you.
The centaur hits you.
* * * LOW HITPOINT WARNING * * *
The centaur kicks you but does no damage.
You puncture the centaur!
You feel better. The centaur misses you. x2
The orc warrior barely misses you. The centaur closely misses you.
The centaur completely misses you.
You hit the centaur. The centaur completely misses you. The centaur misses you.
The orc warrior completely misses you. The centaur completely misses you.
The centaur kicks you.
* * * LOW HITPOINT WARNING * * *
The orc warrior barely misses you.
You hit the centaur.
You feel better. The centaur closely misses you. The centaur kicks you.
* * * LOW HITPOINT WARNING * * *
The orc warrior hits you with a +0 scimitar!
You die...
Your body crumbles into a pile of gold.

#..).#.#####..#.#.......≈≈≈≈≈≈≈.
##...).........#.#..............#
........#.##...#.#.#####..#[.....
........#.#.<..#.#.#...#..#......
......).#.#....'.#.#...#..#......
........#......#.'.#...#..#......
........#.##...#.#.#...#..#......
##....#.#.###..#c#.#...#..#......
#....#.#....[.#@#.#...#..#......
#....#.#####..#o#.#...#..#......
#....#.#.# #..#.#.#...#..#...#..
#....#.#.###..#.#.#...#..#...#..
#....#.#......#.#.#...#..#...#..
#....#.#.##...#.#.#'###..#...#..
#....#.#.##...#.#........#...#..
####<#.#<##...#.##########...#..
#.#.####...#..............#..


You could see an orc warrior and a centaur.

Vanquished Creatures
  Grinder (D:3)
  Sigmund (D:2)
  Eustachio (D:6)
  Menkaure (D:4)
  2 water moccasins
  A black bear (D:7)
  An ice beast (D:7)
  A sky beast (D:6)
  Pargi (Sewer)
  A centaur (D:6)
  A phantom (D:6)
  A bullfrog (D:7)
  2 gnoll sergeants
  3 scorpions
  6 killer bees (D:7)
  A howler monkey (D:5)
  An electric eel (D:7)
  5 jellies
  5 hounds
  3 orc priests
  3 gnoll boudas
  Ijyb (D:3)
  2 iguanas
  2 orc wizards (D:7)
  8 adders
  16 gnolls
  A dart slug (D:4)
  11 orcs
  7 endoplasms
  5 giant cockroaches
  10 goblins
  6 hobgoblins
  3 jackals (D:1)
  8 kobolds
  4 quokkas
  10 ball pythons
  A bat (D:2)
  9 frilled lizards
  7 rats
153 creatures vanquished.

Vanquished Creatures (others)
  A plant (D:3)
1 creature vanquished.

Grand Total: 154 creatures vanquished

Notes
Turn   | Place    | Note
-------+----------+-------------------------------------------
     0 | D:1      | GeoRichter the Spriggan Hunter began the quest for the Orb.
     0 | D:1      | Reached XP level 1. HP: 10/10 MP: 2/2
   253 | D:1      | Reached XP level 2. HP: 14/15 MP: 3/3
   359 | D:1      | Found a faded altar of an unknown god.
   417 | D:1      | Reached XP level 3. HP: 18/18 MP: 4/4
   454 | D:1      | Reached skill level 5 in Ranged Weapons
  1059 | D:2      | Reached XP level 4. HP: 23/23 MP: 5/5
  1137 | D:2      | Noticed Sigmund
  1142 | D:2      | Killed Sigmund
  1143 | D:2      | Reached skill level 7 in Ranged Weapons
  1143 | D:2      | Reached XP level 5. HP: 21/26 MP: 6/6
  1453 | D:2      | Reached XP level 6. HP: 30/30 MP: 7/7
  1718 | D:2      | Found the +3 woodcutter's axe {vorpal}
  2029 | D:3      | Found Onwe's Book Shop.
  2061 | D:3      | Found a glowing drain.
  2083 | Sewer    | Entered a sewer
  2110 | Sewer    | Noticed Pargi
  2133 | Sewer    | Killed Pargi
  2134 | Sewer    | Reached skill level 8 in Ranged Weapons
  2361 | D:3      | Noticed Grinder
  2365 | D:3      | Killed Grinder
  2366 | D:3      | Reached skill level 9 in Ranged Weapons
  2366 | D:3      | Reached XP level 7. HP: 29/34 MP: 8/8
  2366 | D:3      | Noticed Ijyb
  2378 | D:3      | Killed Ijyb
  2866 | D:3      | Found an iron altar of Okawaru.
  2920 | D:4      | Identified the +2 leather armour of the Holding Gods
                  | {Str+4}
  2931 | D:4      | Found an ancient bone altar of Kikubaaqudgha.
  3089 | D:4      | Found a staircase to the Ecumenical Temple.
  3098 | Temple   | Entered the Ecumenical Temple
  3164 | Temple   | Became a worshipper of Gozag Ym Sagoz the Greedy
  3202 | D:4      | Identified the +2 pair of gloves "Tuer" {rElec Regen+
                  | Dex-2}
  3317 | D:4      | Noticed Menkaure
  3338 | D:4      | Killed Menkaure
  3590 | D:4      | Found a blossoming altar of Fedhas.
  3675 | D:4      | Found Rufrilip's Antique Weapon Shoppe.
  3824 | D:5      | Entered Level 5 of the Dungeon
  4257 | D:5      | Reached XP level 8. HP: 33/39 MP: 9/9
  4324 | D:5      | Found a sacrificial altar of Ru.
  4442 | D:5      | Reached skill level 10 in Ranged Weapons
  4544 | D:5      | Found a broken altar of Ashenzari.
  4560 | D:5      | Identified the +6 long sword "Ikerph" {freeze, Str+3 Int+4
                  | Stlth-}
  5103 | D:6      | Found a transporter.
  5122 | D:6      | Noticed Eustachio
  5304 | D:6      | Killed Eustachio
  5338 | D:6      | Noticed an ancient zyme
  5341 | D:6      | Noticed zorance's ghost (novice DrTm)
  5350 | D:6      | Noticed a wizard
  5403 | D:6      | Found a transporter.
  5677 | D:6      | Found a shimmering blue altar of Sif Muna.
  6105 | D:6      | Reached skill level 5 in Stealth
  6105 | D:6      | Reached XP level 9. HP: 45/45 MP: 10/10
  6341 | D:7      | Found a white marble altar of Elyvilon.
  6344 | D:7      | Found an ornate altar of the Wu Jian Council.
  6351 | D:7      | Reached skill level 5 in Dodging
  6924 | D:7      | Reached skill level 11 in Ranged Weapons
  7382 | D:7      | Reached skill level 5 in Fighting
  8099 | D:7      | Mangled by an orc warrior

Illustrated notes

Levels and vault maps discovered:
D:1:      wander_arrival_peaceful_grave, layout_rooms,
          chequers_ecumenical_altar_simple_redux, minmay_split_cup_small
D:2:      layout_loops_corners, glass_columns_b, pf_guarded_unrand_woodcutter,
          uniq_sigmund
D:3:      layout_basic, kennysheep_okawaru_gauntlet, serial_forest,
          infiniplex_forest_clump_tiny, infiniplex_forest_clump_tiny,
          infiniplex_forest_straight_2, infiniplex_forest_clump_long,
          infiniplex_forest_straight_3, portal_sewer_entry_a, serial_shops,
          nicolae_shop_statue_plus, uniq_grinder, uniq_ijyb
D:4:      layout_loops_ring, mainiacjoe_overflow_small_starburst,
          mainiacjoe_overflow_24_doors, temple_fountains, serial_shops, shop,
          uniq_menkaure
D:5:      layout_loops_ring, evilmike_ruin_ashenzari,
          mainiacjoe_overflow_tiny_flanked
D:6:      layout_loops_cross, gammafunk_ghost_abyssal_escape,
          kennysheep_small_circle, uniq_eustachio
D:7:      layout_basic, nicolae_overflow_squiral
D:8:      layout_loops_ring, minmay_increasing_density
Temple:   nicolae_temple_godzebo

Skill      XL: |  1  2  3  4  5  6  7  8  9 |
---------------+----------------------------+-----
Ranged Weapons | 5 7 9 10 11 | 11.2
Fighting       | 2 4 5 |  5.1
Dodging        | 3 4 5 |  5.9
Stealth        | 2 5 6 |  6.3

Action                   |  1- 3 |  4- 6 |  7- 9 || total
-------------------------+-------+-------+-------++-------
Melee: Trident           |       |    28 |   122 ||   150
 Fire: Shortbow          |    93 |    67 |   279 ||   439
  Use: Scroll            |       |     4 |       ||     4
       Potion            |       |       |     1 ||     1
 Stab: Sleeping          |       |     2 |       ||     2
       Distracted        |       |       |     2 ||     2
Armor: Robe              |     1 |     5 |     7 ||    13
Dodge: Dodged            |    27 |    38 |   261 ||   326
